Map: Moonlight Madness LE (Void)

Players

Dragon

  • Race: Protoss Protoss
  • League: Grandmaster

Bakemonoda - Winner!

  • Race: Terran Terran
  • League: Master

VOD

Have the link to the VOD?

Description

Time

  • Played on: Oct. 1, 2015, 10:28 a.m.
  • Length: 8:10
Show
View Real Time Build Order
Export as new Build Order

Dragon Protoss 

Build Orders:  

Get SALT Encoding   

  12  0:00  Probe (Chrono Boost)  
  13  0:10  Probe (Chrono Boost)  
  14  0:17  Pylon  
  14  0:21  Probe (Chrono Boost)  
  15  0:35  Probe (Chrono Boost)  
  15  0:38  Gateway  
  15  0:41  Assimilator  
  16  0:45  Probe (Chrono Boost)  
  17  0:55  Probe (Chrono Boost)  
  18  0:57  Assimilator  
  18  1:05  Probe (Chrono Boost)  
  18  1:10  Gateway  
  19  1:15  Probe (Chrono Boost)  
  20  1:25  Probe (Chrono Boost)  
  21  1:27  Cybernetics Core  
  21  1:32  Pylon  
  21  1:35  Probe (Chrono Boost)  
  22  1:42  Pylon  
  22  1:45  Probe (Chrono Boost)  
  23  1:55  Probe (Chrono Boost)  
  24  2:03  Warp Gate (Chrono Boost)  
  24  2:05  Adept  
  26  2:09  Robotics Facility  
  26  2:16  Probe (Chrono Boost)  
  26  2:19  Adept  
  29  2:26  Mothership Core (Chrono Boost)  
  31  2:32  Pylon  
  31  2:37  Adept  
  33  2:50  Adept  
  35  2:55  Immortal (Chrono Boost)  
  39  3:05  Pylon  
  39  3:28  Immortal (Chrono Boost), Gateway  
  43  4:01  Observer (Chrono Boost)  
  43  4:09  Nexus  
  43  4:13  Adept x2  
  40  4:31  Observer (Chrono Boost)  
  40  4:36  Probe  
  41  4:39  Adept x3  
  47  4:48  Probe  
  48  5:00  Probe  
  44  5:08  Adept x2  
  38  5:32  Probe  
  33  5:35  Adept  
  33  5:36  Adept  
  33  5:39  Probe  
  32  5:44  Probe  
  33  5:55  Probe  
  31  5:57  Probe  
  29  6:05  Probe  
  28  6:13  Sentry x2  
  32  6:22  Probe  
  32  6:24  Probe  
  34  6:32  Pylon  
  30  6:37  Probe  
  30  6:39  Probe  
  32  6:47  Probe  
  32  6:51  Probe  
  34  6:57  Probe  
  35  7:05  Twilight Council  
  35  7:06  Probe  
  35  7:07  Probe  
  35  7:15  Stalker  
  35  7:22  Adept  
  39  7:29  Stalker  
  37  7:41  Stalker  
  37  7:43  Probe  
  35  7:45  Probe  
  34  7:53  Probe  
  34  7:57  Probe  
Show
View Real Time Build Order
Export as new Build Order

Bakemonoda Terran - Winner!

Build Orders:  

Get SALT Encoding   

  12  0:01  SCV  
  13  0:13  SCV  
  14  0:18  Supply Depot  
  14  0:25  SCV  
  15  0:29  Refinery  
  15  0:41  Barracks  
  15  0:44  SCV  
  16  0:52  Refinery  
  16  0:56  SCV  
  17  1:09  SCV  
  18  1:21  SCV  
  19  1:30  Factory  
  19  1:38  Orbital Command  
  19  1:43  Barracks Reactor  
  19  2:03  Supply Depot  
  19  2:04  SCV  
  20  2:17  Bunker  
  20  2:24  SCV  
  20  2:25  Barracks Tech Lab  
  20  2:26  Widow Mine  
  20  2:27  Widow Mine  
  25  2:36  SCV  
  26  2:39  Supply Depot  
  26  2:40  Starport  
  26  2:45  Marauder  
  26  2:50  SCV  
  29  2:57  Widow Mine  
  31  3:00  Widow Mine  
  33  3:08  Marauder  
  35  3:17  Medivac  
  37  3:21  SCV  
  38  3:37  SCV  
  38  3:38  Supply Depot  
  39  3:45  Armory  
  39  4:00  Hellion x2, Marauder  
  39  4:01  Starport Tech Lab  
  45  4:04  Supply Depot  
  43  4:10  Bunker  
  43  4:18  SCV  
  43  4:21  Banshee  
  47  4:30  SCV  
  46  4:35  Hellion x2  
  50  4:48  Supply Depot, SCV  
  50  4:52  Marauder  
  53  4:57  Bunker  
  53  5:07  Hellion  
  53  5:10  Hellion  
  42  5:32  Hellion x2  
  37  6:20  Banshee  
  37  6:21  Marauder  
  42  6:34  SCV  
  43  6:51  Widow Mine x2  
  43  6:52  Command Center  
  47  6:54  SCV  
  47  6:58  Marauder  
  50  7:04  Banshee  
  53  7:21  Hellion x2  
  53  7:22  Marauder  
  50  7:44  Hellion x2  
  50  7:45  Marauder  
Tags
 
Add a new tag
Caveats
  • Supply blocks, unpowered buildings, or Contaminate may cause inaccurate times.
  • Supply counts are checked every 10 seconds.